 Dungeon Crawl Stone Soup version 0.20.1-1-g8b1a95d66d (webtiles) character file.

75 Jynx the Changer (level 4, 0/35 HPs)
             Began as a Draconian Transmuter on Dec 28, 2017.
             Shot with an arrow by a centaur (9 damage)
             ... on level 3 of the Dungeon.
             The game lasted 00:02:40 (2371 turns).

Jynx the Changer (Draconian Transmuter)             Turns: 2371, Time: 00:02:40

Health: 0/35       AC:  5    Str: 12    XL:     4   Next: 11%
Magic:  8/8        EV: 12    Int: 14    God:
Gold:   63         SH:  0    Dex: 12    Spells: 2/8 levels left

rFire    . . .     SeeInvis .     - Unarmed
rCold    . . .     Gourm    .   (no shield)
rNeg     . . .     Faith    .   (armour unavailable)
rPois    .         Spirit   .   (helmet restricted)
rElec    .         Reflect  .   (no cloak)
rCorr    .         Harm     .   (no gloves)
MR       .....                  (no boots)
Stlth    +.........             (no amulet)
Regen    0.2/turn               (no ring)
MPRegen  0.2/turn               (no ring)

@: very slightly contaminated
A: unfitting armour, cold-blooded, AC +5
a: no special abilities


You were on level 3 of the Dungeon.
You were not hungry.

You visited 1 branch of the dungeon, and saw 3 of its levels.

You collected 63 gold pieces.

Inventory:

Missiles
 a - 29 arrows
Scrolls
 d - 3 scrolls of remove curse {unknown}
 i - a scroll of amnesia {unknown}
 j - 4 scrolls of identify {unknown}
 l - 4 scrolls of immolation {unknown}
 o - a scroll of magic mapping {unknown}
 p - a scroll of noise {unknown}
 q - a scroll of recharging {unknown}
 r - a scroll of enchant armour {unknown}
Potions
 e - a potion of brilliance {unknown}
 g - a potion of resistance {unknown}
 k - a potion of magic {unknown}
 m - a potion of heal wounds {unknown}
 n - a potion of lignification {unknown}
 t - a potion of curing {unknown}
Books
 b - a book of Changes

   Spells                             Type                      Level
   a - Beastly Appendage              Transmutation                1
   b - Sticks to Snakes               Transmutation                2
   c - Spider Form                    Transmutation/Poison         3
   d - Ice Form                       Ice/Transmutation            4
   e - Blade Hands                    Transmutation                5
Comestibles
 c - 3 bread rations
 f - 2 meat rations
 h - 5 fruits
 s - a royal jelly
 u - a chunk of flesh


   Skills:
 - Level 1.5 Fighting
 - Level 1.7 Dodging
 - Level 3.1 Unarmed Combat
 + Level 2.6 Spellcasting
 * Level 3.6 Transmutations
 + Level 0.0 Poison Magic


You had 2 spell levels left.
You knew the following spells:

 Your Spells              Type           Power        Failure   Level  Hunger
a - Beastly Appendage     Tmut           ##....       4%          1    #......
b - Sticks to Snakes      Tmut           ##......     8%          2    ###....
c - Spider Form           Tmut/Pois      #.........   30%         3    ###....


Dungeon Overview and Level Annotations

Branches:
Dungeon (3/15)

Altars:
Hepliaklqana


Innate Abilities, Weirdness & Mutations

Your plain brown scales are hard. (AC +5)
You cannot fit into any form of body armour.
You are cold-blooded and may be slowed by cold attacks.


Message History

The teleport trap disappears.
The rat disappears!
An adder comes into view.
The adder hisses angrily.
A centaur comes into view.
You hit the kobold.
The kobold is severely wounded.
The kobold hits you with a dagger.
The centaur wields a glowing shortbow.
The centaur shoots an arrow.
The arrow hits you!
You hit the kobold.
You kill the kobold!
The adder barely misses you.
The centaur shoots an arrow.
The arrow misses you.
You hit the adder but do no damage. The adder bites you but does no damage.
The adder bites you.
Unknown command.
The centaur shoots an arrow.
The arrow hits you!
* * * LOW HITPOINT WARNING * * *
The centaur shoots an arrow.
The arrow misses you.
You see here 2 arrows.
The centaur shoots an arrow.
The arrow hits you!
You die...

##...........#
#####........)#### #
.... ..............'..#
# ....
..............##.## #
........##.........##..#
# .......
#.........###.# # ...#
##.######## #.# #
####.#####.# #.###
#.....(S@.<# #..##
#....)(...## #....
#...?.....# #....
#.........# #....
............. .......
##.........### #######
#########c. #... #.##
#... .. #..#


You could see a centaur and an adder.

Vanquished Creatures
  2 adders (D:3)
  3 dart slugs
  3 leopard geckos
  A ball python (D:3)
  6 hobgoblins
  5 bats
  5 frilled lizards
  5 goblins
  12 kobolds
  6 rats
48 creatures vanquished.

Notes
Turn   | Place    | Note
-------+----------+-------------------------------------------
     0 | D:1      | Jynx the Draconian Transmuter began the quest for the Orb.
     0 | D:1      | Reached XP level 1. HP: 16/16 MP: 3/3
   549 | D:1      | Reached XP level 2. HP: 22/23 MP: 3/5
  1339 | D:2      | Reached XP level 3. HP: 16/28 MP: 4/6
  1673 | D:2      | Found a hazy altar of Hepliaklqana.
  2089 | D:3      | Reached XP level 4. HP: 24/35 MP: 6/8
  2342 | D:3      | Learned a level 2 spell: Sticks to Snakes
  2346 | D:3      | Learned a level 3 spell: Spider Form
  2367 | D:3      | Noticed a centaur
  2371 | D:3      | Shot with an arrow by a centaur

Skill      XL: |  1  2  3 |
---------------+----------+-----
Transmutations | 3 |  3.6
Fighting       | |  1.5
Dodging        | |  1.7
Unarmed Combat | |  3.1
Spellcasting   | |  2.6

Action                   |  1- 3 |  4- 6 || total
-------------------------+-------+-------++-------
Melee: Unarmed           |   132 |    24 ||   156
       Tailslap          |     9 |       ||     9
       Kick              |     6 |     1 ||     7
       Headbutt          |     4 |     2 ||     6
       Punch             |     1 |       ||     1
 Cast: Beastly Appendage |    28 |     3 ||    31
  Eat: Chunk             |     4 |     1 ||     5
Armor: Skin              |    31 |    16 ||    47
Dodge: Dodged            |    82 |    25 ||   107
